 Dungeon Crawl Stone Soup version 0.29-a0-2-g12fcac58f8 (webtiles) character file.

Game seed: 4018653275044699148

56 Sabo the Chiller (level 3, -2/24 HPs)
             Began as a Demonspawn Ice Elementalist on Jan 26, 2022.
             Was a Follower of Okawaru.
             Slain by Sigmund (4 damage)
             ... on level 2 of the Dungeon.
             The game lasted 00:12:42 (2737 turns).

Sabo the Chiller (Demonspawn Ice Elementalist)      Turns: 2737, Time: 00:12:43

Health: -2/24      AC:  2    Str:  8    XL:     3   Next: 71%
Magic:  5/6        EV: 12    Int: 18    God:    Okawaru [*.....]
Gold:   18         SH:  5    Dex: 13    Spells: 6/7 levels left

rFire   . . .      SeeInvis .   l - +0 falchion
rCold   . . .      Faith    .   (no shield)
rNeg    . . .      Spirit   .   a - +0 robe
rPois   .          Reflect  +   (no helmet)
rElec   .          Harm     .   (no cloak)
rCorr   .          Rampage  .   (no gloves)
Will    .....                   (no boots)
Stlth   ++........              d - amulet of reflection
HPRegen 0.08/turn               (no ring)
MPRegen 0.10/turn               (no ring)

@: no status effects
A: hooves 1, (demonic guardian 1)
a: Renounce Religion, Heroism


You were on level 2 of the Dungeon.
You worshipped Okawaru.
Okawaru was aware of your devotion.
You visited 1 branch of the dungeon, and saw 2 of its levels.

You collected 18 gold pieces.

Inventory:

Hand Weapons
 c - a +0 short sword
 h - a +0 hunting sling
 l - a +0 falchion (weapon)
Missiles
 b - 14 bolts
 i - 27 stones
Armour
 a - a +0 robe (worn)
Jewellery
 d - an amulet of reflection (around neck)
Scrolls
 e - a scroll of fear {unknown}
 f - a scroll of enchant weapon {unknown}
 g - 3 scrolls of identify {unknown}
Potions
 j - 2 potions of heal wounds {unknown}
 k - a potion of attraction {unknown}
 m - a potion of might {unknown}
 n - a potion of cancellation {unknown}


   Skills:
 + Level 0.1 Short Blades
 + Level 1.9 Dodging
 + Level 2.0 Stealth
 + Level 0.1 Unarmed Combat
 + Level 2.6 Spellcasting
 + Level 4.3 Ice Magic


You had 6 spell levels left.
You knew the following spells:

 Your Spells              Type           Power      Damage    Failure   Level
a - Freeze                Ice            72%        1d9       2%          1

Your spell library contained the following spells:

 Spells                   Type           Power      Damage    Failure   Level
 Frozen Ramparts          Ice            36%        1d5       9%          3
 Ozocubu's Armour         Ice            18%        N/A       9%          3
 Magic Dart               Conj           8%         1d3       17%         1
 Mephitic Cloud           Conj/Pois/Air  2%         N/A       45%         3
 Hailstorm                Conj/Ice       10%        3d5       56%         4
 Call Imp                 Summ           Unusable   N/A       N/A         2

Dungeon Overview and Level Annotations

Branches:
Dungeon (2/15)

Altars:
Okawaru

Shops:
D:1 ?   D:2 *

Annotations:
D:2 Sigmund


Innate Abilities, Weirdness & Mutations

You have large cloven feet.
((A weak demonic guardian rushes to your aid.))


Message History

The helpless bat fails to defend itself.
You hit the bat.
The bat is moderately wounded.
The bat hits you but does no damage.
You barely miss the bat. You kick the bat.
You kill the bat!
Okawaru accepts your kill.
Found an orange potion.
Found a white potion.
m - an orange potion
n - a white potion
Found Ges Vyuh's General Store.
There is an entrance to Ges Vyuh's General Store here.
An endoplasm comes into view.
The endoplasm quivers.
Casting: Freeze (safe; 2% risk of failure)
Confirm with . or Enter, or press ? or * to list all spells.
Aiming: Freeze (safe; 2% risk of failure)
Press: ? - help, Shift-Dir - straight line, f - endoplasm
Aim: an endoplasm You freeze the endoplasm.
You kill the endoplasm!
Okawaru accepts your kill.
You start resting.
Magic restored.
Sigmund shouts!
Sigmund casts a spell at you. The magic dart hits you!
Sigmund barely misses you.
Casting: Freeze (safe; 2% risk of failure)
Confirm with . or Enter, or press ? or * to list all spells.
Aiming: Freeze (safe; 2% risk of failure)
Press: ? - help, Shift-Dir - straight line, f - Sigmund
Aim: Sigmund, wielding a +0 vorpal scythe and wearing a +0 robe You freeze Sigmund.
Sigmund is lightly wounded.
Sigmund hits you with a +0 vorpal scythe!
Ouch! That really hurt!
* * * LOW HITPOINT WARNING * * *
You die...

(.. #.## #.# #.# #.# #.#
#.# #.## #<#.###########
#.#.
........#...........###.#.
#######.########..........
#####.########.##.###.##
#.....@@.......##.# #.##
#.###..##########.# #.##
#.. #.###.## #..# #.......
#.. #####≈.≈ #.. #####≈≈.≈
#.. .....≈≈∩≈ #.#
#####≈≈≈≈ ##≈≈≈


You could see Sigmund.

Vanquished Creatures
  An adder (D:2)
  A dart slug (D:1)
  An orc (D:2)
  5 ball pythons
  3 endoplasms
  4 giant cockroaches (D:1)
  3 goblins (D:1)
  A hobgoblin (D:2)
  7 jackals (D:1)
  5 kobolds
  A quokka (D:1)
  A bat (D:2)
  2 frilled lizards (D:1)
  A rat (D:1)
36 creatures vanquished.

Vanquished Creatures (collateral kills)
  An endoplasm (D:1)
  A goblin (D:1)
2 creatures vanquished.

Grand Total: 38 creatures vanquished

Notes
Turn   | Place    | Note
-------+----------+-------------------------------------------
     0 | D:1      | Sabo the Demonspawn Ice Elementalist began the quest for
                  | the Orb.
     0 | D:1      | Reached XP level 1. HP: 13/13 MP: 3/3
   337 | D:1      | Reached skill level 4 in Ice Magic
   341 | D:1      | Gained mutation: A weak demonic guardian rushes to your
                  | aid. [demonic ancestry]
   341 | D:1      | Reached XP level 2. HP: 14/19 MP: 0/5
  1232 | D:1      | Gained mutation: You have large cloven feet. [demonic
                  | ancestry]
  1232 | D:1      | Reached XP level 3. HP: 13/24 MP: 2/6
  1737 | D:1      | Found Nuor's Magic Scroll Shoppe.
  2077 | D:2      | Noticed Sigmund
  2404 | D:2      | Found a faded altar of an unknown god.
  2420 | D:2      | Prayed at the altar of an unknown god.
  2420 | D:2      | Became a worshipper of Warmaster Okawaru
  2420 | D:2      | Reached * piety under Okawaru
  2686 | D:2      | Found Ges Vyuh's General Store.
  2737 | D:2      | Slain by Sigmund

Illustrated notes

Levels and vault maps discovered:
D:1:      minmay_arrival_up_and_down, layout_loops_ring, serial_shops, shop
D:2:      layout_loops_ring, shapermc_ecumenical_altar_mp_ritualfount,
          serial_shops, nicolae_shop_waterfront, kennysheep_big_empty_room,
          uniq_sigmund

Skill      XL: |  1  2  3 |
---------------+----------+-----
Ice Magic      | 4 |  4.3
Stealth        | 2 |  2.0
Short Blades   | |  0.1
Dodging        | |  1.9
Unarmed Combat | |  0.1
Spellcasting   | |  2.6

Action                   || total
-------------------------++-------
Melee: Unarmed           ||     6
       Club              ||     1
       Short sword       ||    46
       Kick              ||     9
       Falchion          ||     4
       Punch             ||     1
 Cast: Freeze            ||    40
 Stab: Sleeping          ||     2
Armor: Robe              ||    14
Dodge: Dodged            ||    43
Block: Other             ||     9
       Reflection        ||     2

Table legend: (Time is in decaauts)
 A = Elapsed time spent in this place.
 B = Non-inter-level travel time spent in this place.
 C = Inter-level travel time spent in this place.
 D = Time resting spent in this place.
 E = Time spent auto-exploring this place.
 F = Levels seen in this place.
 G = Mean time per level.
                   A        B        C        D        E       F      G
               +--------+--------+--------+--------+--------+-----+--------+
         Total |   2742 |   2742 |      0 |   1169 |      0 |   2 | 1371.0 |
       Dungeon |   2742 |   2742 |      0 |   1169 |      0 |   2 | 1371.0 |
               +--------+--------+--------+--------+--------+-----+--------+

Top non-repeatable levels by time:
     D:1: 2084 daAuts
     D:2: 658 daAuts
